TOP OF THE 1ST |
Inland Empire 66ers batting - Pitching for Lancaster JetHawks : RHP David Sanchez
|
Pitching: RHP David Sanchez
|
|
Batting: RHB Nick Lombardo
|
0-0: Ball 1-0: Called Strike 1-1: Swinging Strike 1-2: Fly out, F9 (Flyball, 9, EV 86.9 MPH)
|
Batting: RHB Rory Cobb
|
0-0: Called Strike 0-1: Ball 1-1: SINGLE (Line Drive, 34D, EV 102.5 MPH)
|
Batting: LHB Dave Hicks
|
0-0: Ball 1-0: Called Strike 1-1: Called Strike 1-2: SINGLE (Line Drive, 56D, EV 108.1 MPH) Rory Cobb to second
|
Batting: RHB Ricky Mejicanos
|
0-0: Ball 1-0: Ball 2-0: Foul Ball, location: 2F 2-1: 3-RUN HOME RUN (Flyball, 8LXD, EV 111.9 MPH), Distance : 440 ft
|
Batting: SHB Danny Gelinas
|
0-0: Foul Ball, location: 2F 0-1: Ball 1-1: Ball 2-1: Ball 3-1: Called Strike 3-2: Foul Ball, location: 2F 3-2: Base on Balls
|
Batting: RHB Dan Thomey
|
0-0: Called Strike Danny Gelinas steals 2nd base 0-1: Ball 1-1: Foul Ball, location: 2F 1-2: Ball 2-2: Foul Ball, location: 2F 2-2: Foul Ball, location: 2F 2-2: Foul Ball, location: 2F 2-2: Strikes out looking
|
Batting: LHB Jamie Diebel
|
0-0: Ball 1-0: Foul Ball, location: 2F 1-1: Swinging Strike 1-2: Strikes out looking
|
Top of the 1st over - 3 runs, 3 hits, 0 errors, 1 left on base; Inland Empire 3 - Lancaster 0 |
BOTTOM OF THE 1ST |
Lancaster JetHawks batting - Pitching for Inland Empire 66ers : RHP Ju-wei Long
|
Pitching: RHP Ju-wei Long
|
|
Batting: RHB Masaru Konno
|
0-0: Foul Ball, location: 2F 0-1: Ball 1-1: Foul Ball, location: 2F 1-2: SINGLE (Groundball, 34D, EV 100.6 MPH)
|
Batting: RHB Nick Deegan
|
0-0: Ball 1-0: Foul Ball, location: 2F 1-1: Foul Ball, location: 2F 1-2: Ball 2-2: Fly out, F8 (Flyball, 8LXD, EV 92.5 MPH)
|
Batting: RHB Bruce Bermudez
|
0-0: Ball Masaru Konno steals 2nd base 1-0: Called Strike 1-1: Ground out U3 (Groundball, 34, EV 81.9 MPH) Masaru Konno to third
|
Batting: RHB Sam Spohn
|
0-0: DOUBLE (Groundball, 5L, EV 102.5 MPH) Masaru Konno scores
|
Batting: RHB Bill Cabrera
|
0-0: Called Strike 0-1: Ball 1-1: Swinging Strike 1-2: Ball 2-2: Ground out 3-1 (Groundball, 34, EV 88.8 MPH)
|
Bottom of the 1st over - 1 run, 2 hits, 0 errors, 1 left on base; Inland Empire 3 - Lancaster 1 |
TOP OF THE 2ND |
Inland Empire 66ers batting - Pitching for Lancaster JetHawks : RHP David Sanchez
|
Batting: RHB Kyle Gray
|
0-0: Foul Ball, location: 2F 0-1: Swinging Strike 0-2: Ball 1-2: SINGLE (Groundball, 56D, EV 100.6 MPH)
|
Batting: RHB Dan Burkhart
|
0-0: Ball 1-0: Ball 2-0: Ball 3-0: Called Strike 3-1: Base on Balls Kyle Gray to second
|
Batting: RHB Nick Lombardo
|
0-0: Foul Ball, location: 2F 0-1: Ball 1-1: Ball 2-1: Swinging Strike 2-2: Foul Ball, location: 2F 2-2: Foul Ball, location: 2F 2-2: Ball Wild Pitch! Kyle Gray to third Dan Burkhart to second 3-2: SINGLE (Line Drive, 9S, EV 105.6 MPH) Kyle Gray scores Dan Burkhart to third
|
Batting: RHB Rory Cobb
|
0-0: SINGLE (Groundball, 5L, EV 95.6 MPH) Dan Burkhart scores Nick Lombardo to second
|
Pitching: LHP Dzintars Balodis
|
|
Batting: LHB Dave Hicks
|
0-0: Called Strike 0-1: Ball 1-1: Ball 2-1: Swinging Strike 2-2: Ball 3-2: Foul Ball, location: 2F 3-2: Base on Balls Nick Lombardo to third Rory Cobb to second
|
Batting: RHB Ricky Mejicanos
|
0-0: Called Strike 0-1: Ball 1-1: Called Strike 1-2: Foul Ball, location: 2F 1-2: Ball 2-2: Ball 3-2: Strikes out swinging
|
Batting: SHB Danny Gelinas
|
0-0: Ball 1-0: Ball 2-0: Ball Passed Ball! Nick Lombardo scores Rory Cobb to third Dave Hicks to second 3-0: Base on Balls
|
Batting: RHB Dan Thomey
|
0-0: Ball 1-0: Ball 2-0: Foul Ball, location: 2F 2-1: Ball 3-1: SINGLE (Groundball, 56S, EV 70.0 MPH) (infield hit) Rory Cobb scores Dave Hicks to third Danny Gelinas to second
|
Batting: LHB Jamie Diebel
|
0-0: Ball 1-0: Swinging Strike 1-1: Fly out, F8 (Flyball, 8LXD, EV 93.1 MPH) Runner from 3rd tags up, SCORES, no throw by CF Danny Gelinas to third
|
Batting: RHB Kyle Gray
|
0-0: Ball 1-0: SINGLE (Groundball, 6MD, EV 106.9 MPH) Danny Gelinas scores Dan Thomey to second
|
Batting: RHB Dan Burkhart
|
0-0: Called Strike 0-1: Ball 1-1: Ball 2-1: Swinging Strike 2-2: Strikes out swinging
|
Top of the 2nd over - 6 runs, 5 hits, 0 errors, 2 left on base; Inland Empire 9 - Lancaster 1 |
BOTTOM OF THE 2ND |
Lancaster JetHawks batting - Pitching for Inland Empire 66ers : RHP Ju-wei Long
|
Batting: LHB Vecdi Hodensack
|
0-0: Ball 1-0: Called Strike 1-1: Ground out U3 (Groundball, 3, EV 82.5 MPH)
|
Batting: RHB Edgar Trejo
|
0-0: Ball 1-0: Ball 2-0: Ball 3-0: Base on Balls
|
Batting: LHB Bob Govella
|
0-0: SINGLE (Line Drive, 7S, EV 93.8 MPH) Edgar Trejo to second
|
Batting: RHB Darius Mitchell
|
0-0: Called Strike 0-1: Ball 1-1: Ball 2-1: Foul Ball, location: 2F 2-2: Strikes out swinging
|
Batting: RHB Masaru Konno
|
0-0: Ball 1-0: Ball 2-0: Ball 3-0: Called Strike 3-1: Called Strike 3-2: Fly out, F8 (Flyball, 8LM, EV 74.4 MPH)
|
Bottom of the 2nd over - 0 runs, 1 hit, 0 errors, 2 left on base; Inland Empire 9 - Lancaster 1 |
TOP OF THE 3RD |
Inland Empire 66ers batting - Pitching for Lancaster JetHawks : LHP Dzintars Balodis
|
Batting: RHB Nick Lombardo
|
0-0: Called Strike 0-1: Swinging Strike 0-2: Strikes out swinging
|
Batting: RHB Rory Cobb
|
0-0: Swinging Strike 0-1: Foul Ball, location: 2F 0-2: Strikes out swinging
|
Batting: LHB Dave Hicks
|
0-0: Called Strike 0-1: Foul Ball, location: 2F 0-2: Ball 1-2: Strikes out swinging
|
Top of the 3rd over - 0 runs, 0 hits, 0 errors, 0 left on base; Inland Empire 9 - Lancaster 1 |
BOTTOM OF THE 3RD |
Lancaster JetHawks batting - Pitching for Inland Empire 66ers : RHP Ju-wei Long
|
Batting: RHB Nick Deegan
|
0-0: Ball 1-0: Swinging Strike 1-1: Ball 2-1: Fly out, F9 (Line Drive, 89D, EV 95.6 MPH)
|
Batting: RHB Bruce Bermudez
|
0-0: Foul Ball, location: 2F 0-1: Reached on error, E6 (Groundball, 6, EV 86.2 MPH)
|
Batting: RHB Sam Spohn
|
0-0: Called Strike Bruce Bermudez steals 2nd base 0-1: Swinging Strike 0-2: Ball 1-2: Strikes out swinging
|
Batting: RHB Bill Cabrera
|
0-0: Ball 1-0: Ball 2-0: Ball 3-0: Base on Balls
|
Batting: LHB Vecdi Hodensack
|
0-0: Fly out, F7 (Flyball, 7, EV 72.5 MPH)
|
Bottom of the 3rd over - 0 runs, 0 hits, 1 error, 2 left on base; Inland Empire 9 - Lancaster 1 |
TOP OF THE 4TH |
Inland Empire 66ers batting - Pitching for Lancaster JetHawks : LHP Dzintars Balodis
|
Batting: RHB Ricky Mejicanos
|
0-0: Ball 1-0: Ball 2-0: Foul Ball, location: 2F 2-1: Ball 3-1: Base on Balls
|
Batting: SHB Danny Gelinas
|
0-0: Ball 1-0: Called Strike 1-1: Swinging Strike 1-2: Strikes out swinging
|
Batting: RHB Dan Thomey
|
0-0: Ball 1-0: Called Strike 1-1: Swinging Strike 1-2: Ball 2-2: Strikes out swinging
|
Batting: LHB Jamie Diebel
|
0-0: Ball 1-0: Ball 2-0: Ground out 5-3 (Groundball, 56S, EV 91.9 MPH)
|
Top of the 4th over - 0 runs, 0 hits, 0 errors, 1 left on base; Inland Empire 9 - Lancaster 1 |
BOTTOM OF THE 4TH |
Lancaster JetHawks batting - Pitching for Inland Empire 66ers : RHP Ju-wei Long
|
Batting: RHB Edgar Trejo
|
0-0: Ball 1-0: Ball 2-0: Ball 3-0: Base on Balls
|
Batting: LHB Bob Govella
|
0-0: Ball 1-0: Fly out, F7 (Line Drive, 78M, EV 101.2 MPH)
|
Batting: RHB Darius Mitchell
|
0-0: Ball 1-0: Called Strike Edgar Trejo steals 2nd base 1-1: Foul Ball, location: 2F 1-2: Ground out 6-3 (Groundball, 6S, EV 80.6 MPH) Edgar Trejo to third
|
Batting: RHB Masaru Konno
|
0-0: Ball 1-0: 2-RUN HOME RUN (Flyball, 7LD, EV 93.8 MPH), Distance : 336 ft
|
Batting: RHB Nick Deegan
|
0-0: Swinging Strike 0-1: Ball 1-1: Foul Ball, location: 2F 1-2: Ball 2-2: Ball 3-2: Ground out 6-3 (Groundball, 56, EV 88.8 MPH)
|
Bottom of the 4th over - 2 runs, 1 hit, 0 errors, 0 left on base; Inland Empire 9 - Lancaster 3 |
TOP OF THE 5TH |
Inland Empire 66ers batting - Pitching for Lancaster JetHawks : LHP Dzintars Balodis
|
Batting: RHB Kyle Gray
|
0-0: SINGLE (Groundball, 5S, EV 66.2 MPH) (infield hit)
|
Batting: RHB Dan Burkhart
|
0-0: Called Strike 0-1: Swinging Strike 0-2: Ball 1-2: SINGLE (Groundball, 6D, EV 98.1 MPH) Kyle Gray to second
|
Batting: RHB Nick Lombardo
|
0-0: Ball 1-0: Swinging Strike 1-1: Swinging Strike 1-2: Ball 2-2: Foul Ball, location: 2F 2-2: Strikes out swinging
|
Batting: RHB Rory Cobb
|
0-0: Ball Wild Pitch! Kyle Gray to third Dan Burkhart to second 1-0: Called Strike 1-1: Ball 2-1: 3-RUN HOME RUN (Flyball, 7D, EV 98.8 MPH), Distance : 382 ft
|
Pitching: RHP Steve Kelly
|
|
Batting: LHB Dave Hicks
|
0-0: Ball 1-0: Foul Ball, location: 2F 1-1: SOLO HOME RUN (Flyball, 7D, EV 98.1 MPH), Distance : 378 ft
|
Batting: RHB Ricky Mejicanos
|
0-0: Foul Ball, location: 2F 0-1: Foul Ball, location: 2F 0-2: Foul Ball, location: 2F 0-2: Ball 1-2: Ball 2-2: Ground out 6-3 (Groundball, 56, EV 98.1 MPH)
|
Batting: SHB Danny Gelinas
|
0-0: Ball 1-0: Called Strike 1-1: Foul Ball, location: 2F 1-2: Ball 2-2: Ball 3-2: Base on Balls
|
Batting: RHB Dan Thomey
|
0-0: Called Strike 0-1: Swinging Strike 0-2: Ball 1-2: Strikes out looking
|
Top of the 5th over - 4 runs, 4 hits, 0 errors, 1 left on base; Inland Empire 13 - Lancaster 3 |
BOTTOM OF THE 5TH |
Lancaster JetHawks batting - Pitching for Inland Empire 66ers : RHP Ju-wei Long
|
Batting: RHB Bruce Bermudez
|
0-0: Ball 1-0: Ball 2-0: Ball 3-0: Base on Balls
|
Batting: RHB Sam Spohn
|
0-0: Ball Bruce Bermudez steals 2nd, throwing error, E2 Bruce Bermudez to third 1-0: Swinging Strike 1-1: Ball 2-1: SINGLE (Flyball, 89S, EV 87.5 MPH) Bruce Bermudez scores
|
Batting: RHB Bill Cabrera
|
0-0: Ball 1-0: Called Strike 1-1: Ball 2-1: Called Strike 2-2: 2-RUN HOME RUN (Flyball, 78XD, EV 110.6 MPH), Distance : 409 ft
|
Pitching: RHP Eli Mercedes
|
|
Batting: LHB Vecdi Hodensack
|
0-0: Swinging Strike 0-1: Called Strike 0-2: Strikes out swinging
|
Batting: RHB Edgar Trejo
|
0-0: Fly out, F7 (Flyball, 7S, EV 91.2 MPH)
|
Batting: LHB Bob Govella
|
0-0: Ball 1-0: Called Strike 1-1: DOUBLE (Flyball, 89XD, EV 105.0 MPH)
|
Batting: RHB Darius Mitchell
|
0-0: Swinging Strike 0-1: Foul Ball, location: 2F 0-2: Ball 1-2: SINGLE (Groundball, 56D, EV 99.4 MPH) Bob Govella to third Throwing error, E7 Bob Govella scores Darius Mitchell to second
|
Batting: RHB Masaru Konno
|
0-0: Ball 1-0: Ball 2-0: Fly out, F7 (Line Drive, 78M, EV 86.9 MPH)
|
Bottom of the 5th over - 4 runs, 4 hits, 2 errors, 1 left on base; Inland Empire 13 - Lancaster 7 |
TOP OF THE 6TH |
Inland Empire 66ers batting - Pitching for Lancaster JetHawks : RHP Steve Kelly
|
Batting: LHB Jamie Diebel
|
0-0: Ball 1-0: Ground out U3 (Groundball, 3S, EV 65.0 MPH)
|
Batting: RHB Kyle Gray
|
0-0: Ball 1-0: Ball 2-0: Ball 3-0: Base on Balls
|
Batting: RHB Dan Burkhart
|
0-0: Swinging Strike 0-1: Ball 1-1: Ball 2-1: Ball 3-1: Base on Balls Kyle Gray to second
|
Batting: RHB Nick Lombardo
|
0-0: Foul Ball, location: 2F 0-1: Foul Ball, location: 2F 0-2: Foul Ball, location: 2F 0-2: Fly out, F8 (Flyball, 8LS, EV 90.0 MPH)
|
Batting: RHB Rory Cobb
|
0-0: Ball 1-0: Foul Ball, location: 2F 1-1: Called Strike 1-2: Fielders Choice at 2nd, 5-4 (Groundball, 56, EV 88.1 MPH)
|
Top of the 6th over - 0 runs, 0 hits, 0 errors, 2 left on base; Inland Empire 13 - Lancaster 7 |
BOTTOM OF THE 6TH |
Lancaster JetHawks batting - Pitching for Inland Empire 66ers : RHP Eli Mercedes
|
Batting: RHB Nick Deegan
|
0-0: Called Strike 0-1: Ball 1-1: Swinging Strike 1-2: Ball 2-2: Foul Ball, location: 2F 2-2: Ball 3-2: Base on Balls
|
Batting: RHB Bruce Bermudez
|
0-0: Called Strike 0-1: Fielders Choice at 2nd, 4-6 (Groundball, 4, EV 80.6 MPH)
|
Batting: RHB Sam Spohn
|
0-0: Ball 1-0: Called Strike 1-1: Grounds into double play, 4-6-3 (Groundball, 4, EV 88.8 MPH)
|
Bottom of the 6th over - 0 runs, 0 hits, 0 errors, 0 left on base; Inland Empire 13 - Lancaster 7 |
TOP OF THE 7TH |
Inland Empire 66ers batting - Pitching for Lancaster JetHawks : RHP Steve Kelly
|
Batting: LHB Dave Hicks
|
0-0: Foul Ball, location: 2F 0-1: Called Strike 0-2: Fly out, F6 (Popup, 6, EV 63.1 MPH)
|
Batting: RHB Ricky Mejicanos
|
0-0: Fly out, F4 (Popup, 3S, EV 79.4 MPH)
|
Batting: SHB Danny Gelinas
|
0-0: Ball 1-0: Ball 2-0: Ball 3-0: Base on Balls
|
Pitching: RHP Elroy Meulenkamp
|
|
Batting: RHB Dan Thomey
|
0-0: Called Strike 0-1: Foul Ball, location: 2F 0-2: Ball 1-2: Foul Ball, location: 2F 1-2: Ball 2-2: Strikes out looking
|
Top of the 7th over - 0 runs, 0 hits, 0 errors, 1 left on base; Inland Empire 13 - Lancaster 7 |
BOTTOM OF THE 7TH |
Lancaster JetHawks batting - Pitching for Inland Empire 66ers : RHP Eli Mercedes
|
Batting: RHB Bill Cabrera
|
0-0: Ball 1-0: Ball 2-0: Called Strike 2-1: Foul Ball, location: 2F 2-2: Foul Ball, location: 2F 2-2: Ball 3-2: Base on Balls
|
Pitching: LHP Tyler MacLean
|
|
Batting: LHB Vecdi Hodensack
|
0-0: Ball 1-0: Called Strike 1-1: Foul Ball, location: 2F 1-2: Ball 2-2: Ball 3-2: Strikes out swinging
|
Batting: RHB Edgar Trejo
|
0-0: Ball 1-0: Called Strike 1-1: Ball 2-1: Foul Ball, location: 2F 2-2: Ball 3-2: Foul Ball, location: 2F 3-2: Base on Balls Bill Cabrera to second
|
Batting: LHB Bob Govella
|
0-0: Foul Ball, location: 2F 0-1: Ball 1-1: Foul Ball, location: 2F 1-2: Ball 2-2: Ball 3-2: Fly out, F7 (Line Drive, 7, EV 96.9 MPH)
|
Batting: RHB Darius Mitchell
|
0-0: Reached on error, E3 (Groundball, 34, EV 100.6 MPH) Bill Cabrera to third Edgar Trejo to second
|
Batting: RHB Masaru Konno
|
0-0: Called Strike 0-1: Swinging Strike 0-2: Ball 1-2: SINGLE (Line Drive, 4D, EV 96.9 MPH) Bill Cabrera scores Edgar Trejo to third Darius Mitchell to second Runner from 3rd tries for Home, SAFE, throw by CF to home
|
Batting: RHB Nick Deegan
|
0-0: Called Strike 0-1: Ball 1-1: Foul Ball, location: 2F 1-2: Ball 2-2: Strikes out swinging
|
Bottom of the 7th over - 2 runs, 1 hit, 1 error, 2 left on base; Inland Empire 13 - Lancaster 9 |
TOP OF THE 8TH |
Inland Empire 66ers batting - Pitching for Lancaster JetHawks : RHP Elroy Meulenkamp
|
Batting: LHB Jamie Diebel
|
0-0: Called Strike 0-1: Ball 1-1: Swinging Strike 1-2: Ball 2-2: Ball 3-2: SINGLE (Groundball, 4MD, EV 98.8 MPH)
|
Batting: RHB Kyle Gray
|
0-0: Ball 1-0: Called Strike 1-1: Swinging Strike 1-2: Ball 2-2: Foul Ball, location: 2F 2-2: Ball 3-2: Base on Balls Jamie Diebel to second
|
Batting: RHB Dan Burkhart
|
0-0: Ball 1-0: SINGLE (Groundball, 56D, EV 101.9 MPH) Jamie Diebel to third Kyle Gray to second Runner from 3rd tries for Home, throw by LF and OUT! 7-2
|
Batting: RHB Nick Lombardo
|
0-0: Foul Ball, location: 2F 0-1: Ball 1-1: Ball 2-1: Called Strike 2-2: Strikes out swinging
|
Batting: RHB Rory Cobb
|
0-0: Swinging Strike 0-1: Ball 1-1: Ball 2-1: Reached on error, E4 (Groundball, 4, EV 102.5 MPH) Kyle Gray scores Dan Burkhart to third
|
Batting: LHB Dave Hicks
|
0-0: Ball 1-0: Called Strike 1-1: Ball 2-1: Foul Ball, location: 2F 2-2: Foul Ball, location: 2F 2-2: Strikes out swinging
|
Top of the 8th over - 1 run, 2 hits, 1 error, 2 left on base; Inland Empire 14 - Lancaster 9 |
BOTTOM OF THE 8TH |
Lancaster JetHawks batting - Pitching for Inland Empire 66ers : LHP Tyler MacLean
|
Batting: RHB Bruce Bermudez
|
0-0: Called Strike 0-1: Called Strike 0-2: Strikes out swinging
|
Batting: RHB Sam Spohn
|
0-0: Swinging Strike 0-1: Ball 1-1: Foul Ball, location: 2F 1-2: Ground out U3 (Groundball, 13, EV 82.5 MPH)
|
Batting: RHB Bill Cabrera
|
0-0: Foul Ball, location: 2F 0-1: Foul Ball, location: 2F 0-2: Strikes out swinging
|
Bottom of the 8th over - 0 runs, 0 hits, 0 errors, 0 left on base; Inland Empire 14 - Lancaster 9 |
TOP OF THE 9TH |
Inland Empire 66ers batting - Pitching for Lancaster JetHawks : RHP Elroy Meulenkamp
|
Batting: RHB Ricky Mejicanos
|
0-0: Fly out, F9 (Line Drive, 9, EV 90.6 MPH)
|
Batting: SHB Danny Gelinas
|
0-0: Ball 1-0: Called Strike 1-1: Ball 2-1: Foul Ball, location: 2F 2-2: Foul Ball, location: 2F 2-2: Strikes out looking
|
Batting: RHB Dan Thomey
|
0-0: Ball 1-0: Called Strike 1-1: Ball 2-1: Foul Ball, location: 2F 2-2: Ball 3-2: Foul Ball, location: 2F 3-2: Base on Balls
|
Pitching: LHP Jeremy Mellott
|
|
Batting: LHB Jamie Diebel
|
0-0: Ball 1-0: Called Strike 1-1: Ground out 5-3 (Groundball, 56S, EV 93.1 MPH)
|
Top of the 9th over - 0 runs, 0 hits, 0 errors, 1 left on base; Inland Empire 14 - Lancaster 9 |
BOTTOM OF THE 9TH |
Lancaster JetHawks batting - Pitching for Inland Empire 66ers : LHP Tyler MacLean
|
Pitching: RHP Arnold Frye
|
|
Pinch Hitting: RHB Ramon Castellon
|
0-0: Ball 1-0: Ball 2-0: SINGLE (Groundball, 56D, EV 100.6 MPH)
|
Batting: RHB Edgar Trejo
|
0-0: Ball 1-0: Called Strike 1-1: Ball 2-1: Swinging Strike 2-2: Foul Ball, location: 2F 2-2: Foul Ball, location: 2F 2-2: Foul Ball, location: 2F 2-2: Ball 3-2: Base on Balls Ramon Castellon to second
|
Batting: LHB Bob Govella
|
0-0: Ball 1-0: Ball 2-0: Foul Ball, location: 2F 2-1: Fielders Choice at 2nd, 4-6 (Groundball, 4MD, EV 90.6 MPH) Ramon Castellon to third
|
Pinch Hitting: RHB Erik Smith
|
0-0: Swinging Strike 0-1: Ball 1-1: Ball 2-1: Swinging Strike 2-2: Foul Ball, location: 2F 2-2: Ball Wild Pitch! Ramon Castellon scores Bob Govella to second 3-2: Base on Balls
|
Pitching: RHP Matt Doherty
|
|
Batting: RHB Masaru Konno
|
0-0: Ball 1-0: Ball 2-0: Ball 3-0: Base on Balls Bob Govella to third Erik Smith to second
|
Pinch Hitting: LHB Bob Dietz
|
0-0: Called Strike 0-1: GRAND SLAM HOME RUN (Flyball, 89XD, EV 113.8 MPH), Distance : 446 ft
|
Batting: RHB Bruce Bermudez
|
0-0: Ball 1-0: Ball 2-0: Ball 3-0: Called Strike 3-1: Base on Balls
|
Batting: RHB Sam Spohn
|
0-0: Ball 1-0: Called Strike 1-1: Called Strike 1-2: Grounds into double play, 6-4-3 (Groundball, 6MS, EV 83.1 MPH)
|
Bottom of the 9th over - 5 runs, 2 hits, 0 errors, 0 left on base; Inland Empire 14 - Lancaster 14 |
TOP OF THE 10TH |
Inland Empire 66ers batting - Pitching for Lancaster JetHawks : LHP Jeremy Mellott
|
Pitching: LHP Manny Gonzales
|
|
Now at C: Jamie Youngs
|
|
Now at 2B: Edgar Trejo
|
|
Now at 3B: Ramon Castellon
|
|
Now in CF: Omar Amaya
|
|
Batting: RHB Kyle Gray
|
0-0: Hit by Pitch
|
Batting: RHB Dan Burkhart
|
0-0: Ball 1-0: Ball 2-0: Foul Ball, location: 2F 2-1: SINGLE (Flyball, 7, EV 85.0 MPH) Kyle Gray to second
|
Batting: RHB Nick Lombardo
|
0-0: Foul Ball, location: 2F 0-1: Foul Ball, location: 2F 0-2: Ball 1-2: SINGLE (Groundball, 56, EV 95.6 MPH) Kyle Gray to third Dan Burkhart to second
|
Batting: RHB Rory Cobb
|
0-0: Ball 1-0: Ball 2-0: Called Strike 2-1: Foul Ball, location: 2F 2-2: Ball 3-2: Strikes out looking
|
Batting: LHB Dave Hicks
|
0-0: Ball 1-0: Ball 2-0: Called Strike 2-1: Foul Ball, location: 2F 2-2: Ball 3-2: Hit by Pitch Kyle Gray scores Dan Burkhart to third Nick Lombardo to second
|
Batting: RHB Ricky Mejicanos
|
0-0: Called Strike 0-1: Foul Ball, location: 2F 0-2: Fly out, F9 (Flyball, 89S, EV 80.6 MPH)
|
Batting: SHB Danny Gelinas
|
0-0: SINGLE (Line Drive, 7S, EV 85.6 MPH) Dan Burkhart scores Nick Lombardo to third Dave Hicks to second Runner from 3rd tries for Home, SAFE, throw by LF to home
|
Pitching: RHP Alex Salinas
|
|
Batting: RHB Dan Thomey
|
0-0: Ball 1-0: Foul Ball, location: 2F 1-1: Swinging Strike 1-2: Strikes out swinging
|
Top of the 10th over - 3 runs, 3 hits, 0 errors, 2 left on base; Inland Empire 17 - Lancaster 14 |
BOTTOM OF THE 10TH |
Lancaster JetHawks batting - Pitching for Inland Empire 66ers : RHP Matt Doherty
|
Pitching: RHP Adam Hefner
|
|
Batting: RHB Bill Cabrera
|
0-0: Ball 1-0: Called Strike 1-1: Ball 2-1: Called Strike 2-2: Ground out 3-1 (Groundball, 13, EV 90.0 MPH)
|
Batting: RHB Ramon Castellon
|
0-0: Ball 1-0: Fly out, F7 (Flyball, 7D, EV 76.2 MPH)
|
Batting: RHB Edgar Trejo
|
0-0: Called Strike 0-1: Ground out 4-3 (Groundball, 4, EV 86.2 MPH)
|
Bottom of the 10th over - 0 runs, 0 hits, 0 errors, 0 left on base; Inland Empire 17 - Lancaster 14 |
|